 Dungeon Crawl Stone Soup version 0.24.0-1-gfbc8707 (webtiles) character file.

Game seed: 14977203400961131665, levelgen mode: deterministic

143 Buxparty the Bolt Thrower (level 5, -4/32 HPs)
             Began as a Kobold Hunter on Dec 28, 2019.
             Was an Initiate of Dithmenos.
             Slain by a scorpion (9 damage)
             ... on level 5 of the Dungeon.
             The game lasted 00:11:17 (2803 turns).

Buxparty the Bolt Thrower (Kobold Hunter)           Turns: 2803, Time: 00:11:17

Health: -4/32      AC:  3    Str: 11    XL:     5   Next: 50%
Magic:  5/5        EV: 15    Int: 12    God:    Dithmenos [......]
Gold:   193        SH:  0    Dex: 15    Spells: 4/4 levels left

rFire    . . .     SeeInvis .   b - +0 short sword
rCold    . . .     Gourm    .   (shield restricted)
rNeg     . . .     Faith    +   c - +0 leather armour
rPois    .         Spirit   .   (no helmet)
rElec    .         Reflect  .   (no cloak)
rCorr    .         Harm     .   (no gloves)
MR       .....                  (no boots)
Stlth    ++........             q - amulet of faith
HPRegen  0.10/turn              (no ring)
MPRegen  0.09/turn              (no ring)

@: lethally poisoned (-4 -> -10)
A: small, carnivore
a: Renounce Religion


You were on level 5 of the Dungeon.
You worshipped Dithmenos.
Dithmenos was noncommittal.
You were not hungry.

You visited 1 branch of the dungeon, and saw 5 of its levels.

You collected 193 gold pieces.

Inventory:

Hand Weapons
 a - a +1 hand crossbow
 b - a +0 short sword (weapon)
 k - a +0 short sword of venom
Armour
 c - a +0 leather armour (worn)
Jewellery
 q - an amulet of faith (around neck)
Scrolls
 d - a scroll of remove curse {unknown}
 e - 2 scrolls of magic mapping
 g - 2 scrolls of identify
 i - a scroll of amnesia {unknown}
 n - a scroll of enchant weapon {unknown}
 o - a scroll of enchant armour {unknown}
 p - a scroll of fear {unknown}
Potions
 j - 2 potions of resistance {unknown}
 l - 2 potions of curing {unknown}
 m - a potion of magic {unknown}
 r - a potion of degeneration {unknown}
Comestibles
 f - 7 rations


   Skills:
 + Level 3.1 Fighting
 + Level 7.1 Crossbows
 - Level 0.2 Armour
 + Level 2.5 Dodging
 + Level 1.6 Stealth


You had 4 spell levels left.
You didn't know any spells.
Your spell library was empty.

Dungeon Overview and Level Annotations

Branches:
Dungeon (5/15)
 Temple: D:4-7

Altars:
Dithmenos
Makhleb


Innate Abilities, Weirdness & Mutations

You are small and have problems with some larger weapons.
You are carnivorous and can eat meat at any time.


Message History

You hit the scorpion but do no damage.
The scorpion is lightly wounded.
You feel sick. The scorpion stings you!
* * * LOW HITPOINT WARNING * * *
You closely miss the scorpion.
The scorpion is lightly wounded.
* * * LOW HITPOINT WARNING * * *
You feel sick. The scorpion closely misses you.
You closely miss the scorpion.
The scorpion is lightly wounded.
The scorpion completely misses you.
You hit the scorpion but do no damage.
The scorpion is lightly wounded.
* * * LOW HITPOINT WARNING * * *
You feel sick. The scorpion misses you.
You hit the scorpion.
The scorpion is moderately wounded.
* * * LOW HITPOINT WARNING * * *
You feel sick. The scorpion stings you!
You die...

#s# #.##.#
########### #.##.#
#.........# #.##.#
#.#######.# #.##.#
#.......#.# #.##.#
#######.#@# #.##.#
........s.#
#.##.#########.###
...............#
####.####.######
#........
######.### #.# #)#


You could see a scorpion.

Vanquished Creatures
  A jelly (D:3)
  A worker ant (D:4)
  2 adders
  A gnoll (D:4)
  A worm (D:2)
  3 dart slugs
  2 leopard geckos (D:3)
  3 orcs (D:3)
  7 goblins
  7 hobgoblins
  4 jackals (D:1)
  6 kobolds
  4 bats
  4 frilled lizards
  2 rats
48 creatures vanquished.

Notes
Turn   | Place    | Note
-------+----------+-------------------------------------------
     0 | D:1      | Buxparty the Kobold Hunter began the quest for the Orb.
     0 | D:1      | Reached XP level 1. HP: 12/12 MP: 1/1
    92 | D:1      | Reached skill level 5 in Crossbows
   117 | D:1      | Reached XP level 2. HP: 16/18 MP: 2/2
   416 | D:1      | Reached XP level 3. HP: 22/22 MP: 3/3
   916 | D:2      | Reached skill level 6 in Crossbows
  1155 | D:3      | Reached XP level 4. HP: 24/27 MP: 4/4
  1726 | D:3      | Found a burning altar of Makhleb.
  1726 | D:3      | Noticed a blizzard demon
  1850 | D:3      | Reached XP level 5. HP: 32/32 MP: 5/5
  1951 | D:4      | Found a shadowy altar of Dithmenos.
  1957 | D:4      | Became a worshipper of Dithmenos the Shadowed
  1964 | D:4      | Noticed an ogre
  2184 | D:4      | Reached skill level 7 in Crossbows
  2388 | D:5      | Entered Level 5 of the Dungeon
  2803 | D:5      | Slain by a scorpion

Levels and vault maps discovered:
D:1:      dpeg_arrival_lava_temple_mockup, layout_rooms, minmay_liquid_box,
          minmay_misc_feat_five, minivault_24, st_stairs_9,
          minmay_misc_feat_cross
D:2:      layout_loops_ring, first_ration
D:3:      layout_basic, makhleb_altar_promises_db
D:4:      layout_loops_cross, grunt_dithmenos_smoke
D:5:      layout_basic, old_standard_altar

Skill      XL: |  1  2  3  4  5 |
---------------+----------------+-----
Crossbows      | 5 6 7 |  7.1
Fighting       | 3 |  3.1
Armour         | |  0.2
Dodging        | |  2.5
Stealth        | |  1.6

Action                   |  1- 3 |  4- 6 || total
-------------------------+-------+-------++-------
Melee: Short sword       |       |    11 ||    11
 Fire: Hand crossbow     |    66 |    43 ||   109
  Use: Scroll            |       |     3 ||     3
  Eat: Ration            |     1 |     2 ||     3
Armor: Leather armour    |     3 |     4 ||     7
Dodge: Dodged            |     7 |    22 ||    29
